AoeStats
← ThaDolfin

Arabia

510183766Analyzed
1v1 RM · 2d ago on Sep 29, 2026· 26m 34s· 2 players
Game mode
Random Map
Map size
Tiny (2 player)
Population
200
Speed
Normal
Resources
Standard
Victory
Conquest
Starting age
Dark Age
Ending age
Imperial Age
RankedLock teamsTeams togetherTeam positionsShared explorationLock speedFull tech treeHidden civsTurbo modeCheats
Victory
Defeat
🇹🇷 Burgundians · Türkiye
619
+16
🇺🇸 Britons · United States
628
-16
Wildcat
4:33 Loom
10:16 Feudal Age
11:19 Wheelbarrow
11:29 Wheelbarrow
10:48 Double-Bit Axe
20:16 Castle Age
19:04 Horse Collar
21:47 Scale Barding Armor
22:33 Husbandry
23:22 Cavalier
ThaDolfin
8:34 Loom
10:56 Feudal Age
16:12 Fletching
16:24 Padded Archer Armor
16:50 Double-Bit Axe
19:07 Wheelbarrow
18:37 Gold Mining
24:11 Castle Age
22:20 Stone Mining
26:10 Gold Shaft Mining
26:00 Bow Saw
Connection lost

Rejoining the realm…

Still unreachable

The connection could not be restored.

Session expired

The server has moved on; the page needs a fresh start.